 Dungeon Sprint DCSS version 0.21-a0-274-gc1afaeb (webtiles) character file.

26933 potatolord6000 the Warrior (level 13, -5/134 HPs)
             Began as a Minotaur Fighter on Sept 18, 2017.
             Was the Champion of Okawaru.
             Slain by a cherub
             ... wielding a +3 falchion of flaming
              (7 damage)
             ... in the Dungeon (Sprint VII: "The Pits").
             The game lasted 00:10:50 (2642 turns).

potatolord6000 the Warrior (Minotaur Fighter)       Turns: 2642, Time: 00:10:51

Health: -5/134     AC: 33    Str: 25    XL:     13   Next: 1%
Magic:  15/23      EV: 23    Int:  5    God:    Okawaru [******]
Gold:   1          SH:  0    Dex: 14    Spells: 12/12 levels left

rFire    . . .     SeeInvis .   c - +5 great sword (elec)
rCold    . . .     Gourm    .   (shield currently unavailable)
rNeg     . . .     Faith    .   t - +9 plate armour
rPois    .         Spirit   .   (helmet restricted)
rElec    .         Reflect  .   (no cloak)
rCorr    .         Harm     .   u - +0 pair of gloves
MR       .....     NoTele   +   a - +0 pair of boots
Stlth    ..........             (no amulet)
HPRegen  0.32/turn              d - +3 ring of evasion
MPRegen  0.18/turn              h - +3 ring of dexterity

@: heroism, finesse, glowing
A: retaliatory headbutt, horns 2
a: Heroism, Finesse, Renounce Religion


You were in the Dungeon.
You worshipped Okawaru.
Okawaru was exalted by your worship.
You were not hungry.

You visited 1 branch You collected 1 gold pieces.

Inventory:

Hand Weapons
 c - a +5 great sword of electrocution (weapon)
Armour
 a - a +0 pair of boots (worn)
 t - a +9 plate armour (worn)
 u - a +0 pair of gloves (worn)
Jewellery
 d - a +3 ring of evasion (left hand)
 h - a +3 ring of dexterity (right hand)
Scrolls
 g - 2 scrolls of recharging
 l - 4 scrolls of remove curse
 m - 5 scrolls of amnesia
 w - a scroll of fog
Potions
 b - a potion of lignification {unknown}
 e - 4 potions of curing
 i - 5 potions of magic
 j - 3 potions of berserk rage
 r - 3 potions of haste
 v - 4 potions of brilliance
Comestibles
 f - 9 bread rations
 o - 40 fruits
 p - 4 meat rations


   Skills:
 + Level 17.7(22.7) Fighting
 + Level 17.7(22.7) Long Blades
 + Level 17.6(22.6) Armour
 + Level 16.1(21.1) Dodging
   Level 8.1(13.1) Shields
 + Level 15.0 Invocations


You had 12 spell levels left.
You didn't know any spells.

Dungeon Overview and Level Annotations

Branches:
Dungeon (1/1)

Altars:
Ashenzari
Cheibriados
Dithmenos
Elyvilon
Fedhas
Gozag
Hepliaklqana
Kikubaaqudgha
Makhleb
Nemelex Xobeh
Okawaru
Qazlal
Ru
Sif Muna
Trog
Uskayaw
Vehumet
Wu Jian
Xom
Yredelemnul
Zin
The Shining One
Beogh
Jiyva
Lugonu


Innate Abilities, Weirdness & Mutations

You reflexively headbutt those who attack you in melee.
You have a pair of horns on your head.


Message History

a +1 pair of gloves of archery; a polar bear corpse Unknown command.
Unknown command.
You slice the cherub!! Your headbutt misses the cherub.
The cherub is moderately wounded.
The daeva hits you with a scimitar of holy wrath!
* * * LOW HITPOINT WARNING * * *
The daeva hits you with a scimitar of holy wrath!!
* * * LOW HITPOINT WARNING * * *
You slash the cherub!
The cherub is heavily wounded.
Unknown command.
Your plate armour prevents you from hitting the cherub.
Your headbutt misses the cherub.
The cherub is heavily wounded.
Unknown command.
You closely miss the cherub. You headbutt the cherub.
The cherub is heavily wounded.
The cherub hits you with an uncursed falchion of flaming!
You die...

+..........# #..#....#..#
#..........+ #..........+
###''####''#
###''####''#########
#..[...##...........
#.#)##.##...........
#.#@A+.##..######### #
+AY# ##..# #Y|+ #..#
#++########## +|[# #..#
........##..# ##+# #..#
.#......##..# #..#
........''..# #รท.#
........''..##########..#
.#......##...(..........#


You could see a daeva, a cherub and 2 elephants.

Vanquished Creatures
  Dissolution (D)
  A catoblepas (D)
  A death yak (D)
  An unseen horror (D)
  A swamp dragon (D)
  A flayed ghost (D)
  A sea snake (D)
  A lindwurm (D)
  A necromancer (D)
  3 deep elf magi (D)
  An orc knight (D)
  Pikel (D)
  2 orc sorcerers (D)
  A cyclops (D)
  2 orange demons (D)
  A gargoyle (D)
  A smoke demon (D)
  A freezing wraith (D)
  A demonic crawler (D)
  A kobold demonologist (D)
  An efreet (D)
  2 guardian mummies (D)
  A troll (D)
  2 jumping spiders (D)
  A polar bear (D)
  A hornet (D)
  4 blink frogs (D)
  11 dream sheep (D)
  A snapping turtle (D)
  5 slime creatures (D)
  A redback (D)
  Grum (D)
  2 water elementals (D)
  A wyvern (D)
  A basilisk (D)
  2 acid dragons (D)
  2 water moccasins (D)
  A floating eye (D)
  A swamp drake (D)
  2 orc warriors (D)
  An ice beast (D)
  A slave (D)
  3 wolves (D)
  A necrophage (D)
  A big kobold (D)
  A bullfrog (D)
  A gnoll shaman (D)
  2 orc priests (D)
  An orc wizard (D)
  Terence (D)
  A hell rat (D)
  A mummy (D)
  3 gnolls (D)
  3 adders (D)
  A river rat (D)
  An ufetubus (D)
  2 oozes (D)
  An adder zombie (D)
  An adder simulacrum (D)
  A leopard gecko (D)
  5 orcs (D)
  A bat skeleton (D)
  A bat zombie (D)
  2 hobgoblins (D)
  2 quokkas (D)
  A ball python simulacrum (D)
  A ball python zombie (D)
  2 frilled lizards (D)
  A quokka zombie (D)
111 creatures vanquished.

Vanquished Creatures (others)
  A deep elf master archer (D)
  A deep elf sorcerer (D)
  A draconian scorcher (D)
  A deep elf demonologist (D)
  An apis (D)
  A deep elf annihilator (D)
  A death ooze (D)
  An ice dragon (D)
  2 necromancers (D)
  An air elemental (D)
  A fire bat (D)
12 creatures vanquished.

Grand Total: 123 creatures vanquished

Notes
Turn   | Place    | Note
-------+----------+-------------------------------------------
     0 | D        | potatolord6000 the Minotaur Fighter began the quest for the Orb.
     0 | D        | Reached XP level 1. HP: 19/19 MP: 0/0
    49 | D        | Found a bloodstained altar of Trog.
    49 | D        | Found a deep blue altar of Sif Muna.
    49 | D        | Found a viscous altar of Jiyva.
    49 | D        | Found a hazy altar of Hepliaklqana.
    49 | D        | Found an opulent altar of Gozag.
    50 | D        | Found a glowing golden altar of the Shining One.
    50 | D        | Found a glowing silver altar of Zin.
    50 | D        | Found a basalt altar of Yredelemnul.
    50 | D        | Found a shimmering altar of Xom.
    50 | D        | Found an ornate altar of the Wu Jian Council.
    50 | D        | Found a sacrificial altar of Ru.
    50 | D        | Found a stormy altar of Qazlal.
    50 | D        | Found an iron altar of Okawaru.
    50 | D        | Found a sparkling altar of Nemelex Xobeh.
    50 | D        | Found a burning altar of Makhleb.
    50 | D        | Found a blossoming altar of Fedhas.
    50 | D        | Found a white marble altar of Elyvilon.
    50 | D        | Found a shadowy altar of Dithmenos.
    50 | D        | Found a snail-covered altar of Cheibriados.
    52 | D        | Found a radiant altar of Vehumet.
    52 | D        | Found a corrupted altar of Lugonu.
    52 | D        | Found a roughly hewn altar of Beogh.
    54 | D        | Found an ancient bone altar of Kikubaaqudgha.
    54 | D        | Found a hide-covered altar of Uskayaw.
    54 | D        | Found a shattered altar of Ashenzari.
    58 | D        | Became a worshipper of Warmaster Okawaru
    75 | D        | Reached skill level 1 in Dodging
    75 | D        | Reached skill level 1 in Invocations
    95 | D        | Reached XP level 2. HP: 20/28 MP: 0/2
   261 | D        | Killed a necromancer
   268 | D        | Reached XP level 3. HP: 30/35 MP: 3/3
   269 | D        | Reached skill level 5 in Fighting
   269 | D        | Reached skill level 5 in Armour
   345 | D        | Noticed a water moccasin
   346 | D        | Noticed a big kobold
   346 | D        | Noticed a wolf
   346 | D        | Noticed a floating eye
   348 | D        | Noticed a necrophage
   352 | D        | Paralysed by a floating eye for 3 turns
   357 | D        | Killed a wolf
   357 | D        | Reached skill level 5 in Long Blades
   357 | D        | Reached XP level 4. HP: 29/44 MP: 3/5
   358 | D        | Paralysed by a floating eye for 2 turns
   365 | D        | Killed a water moccasin
   365 | D        | Reached * piety under Okawaru
   365 | D        | Reached skill level 5 in Dodging
   365 | D        | Reached skill level 5 in Invocations
   365 | D        | Reached XP level 5. HP: 47/52 MP: 3/7
   368 | D        | Reached XP level 6. HP: 56/61 MP: 3/9
   369 | D        | Paralysed by a floating eye for 4 turns
   374 | D        | Killed a floating eye
   385 | D        | Reached ** piety under Okawaru
   385 | D        | Reached XP level 7. HP: 42/68 MP: 5/10
   417 | D        | Noticed a deep elf mage
   417 | D        | Noticed Pikel
   419 | D        | Killed an air elemental
   423 | D        | Killed Pikel
   423 | D        | Reached *** piety under Okawaru
   423 | D        | Reached skill level 10 in Fighting
   423 | D        | Reached skill level 10 in Armour
   423 | D        | Reached XP level 8. HP: 52/78 MP: 8/12
   426 | D        | Killed a deep elf mage
   426 | D        | Reached skill level 10 in Long Blades
   437 | D        | Noticed Terence
   441 | D        | Reached **** piety under Okawaru
   442 | D        | Killed a deep elf annihilator
   447 | D        | Killed Terence
   593 | D        | Noticed a snapping turtle
   593 | D        | Noticed a guardian mummy
   601 | D        | Killed a guardian mummy
   601 | D        | Reached skill level 10 in Dodging
   601 | D        | Reached XP level 9. HP: 58/89 MP: 14/14
   663 | D        | Killed a deep elf sorcerer
   702 | D        | Noticed a cyclops
   702 | D        | Noticed a death yak
   702 | D        | Noticed an orange demon
   708 | D        | Killed a death yak
   708 | D        | Reached ***** piety under Okawaru
   710 | D        | Killed a cyclops
   710 | D        | Reached skill level 10 in Invocations
   717 | D        | Killed an orange demon
   727 | D        | Noticed a lindwurm
   727 | D        | Noticed a guardian mummy
   736 | D        | Killed a guardian mummy
   736 | D        | Received a gift from Okawaru
   739 | D        | Reached XP level 10. HP: 67/100 MP: 16/16
   744 | D        | Killed a lindwurm
   871 | D        | Killed a purple draconian scorcher
   998 | D        | Killed an unseen horror
  1156 | D        | Noticed a flayed ghost
  1165 | D        | Noticed a gargoyle
  1168 | D        | Killed a flayed ghost
  1179 | D        | Killed a gargoyle
  1195 | D        | Noticed an orc knight
  1229 | D        | Killed an orc knight
  1267 | D        | Noticed a swamp dragon
  1268 | D        | Noticed an orc sorcerer
  1274 | D        | Noticed a rust devil
  1280 | D        | Killed an orc sorcerer
  1280 | D        | Received a gift from Okawaru
  1280 | D        | Reached XP level 11. HP: 44/111 MP: 10/19
  1281 | D        | Found the +3 warlock's mirror {reflect}
  1310 | D        | Killed a swamp dragon
  1418 | D        | Killed an apis
  1441 | D        | Killed a deep elf master archer
  1482 | D        | Killed an ice dragon
  1586 | D        | Killed a death ooze
  1598 | D        | Noticed a deep elf mage
  1609 | D        | Noticed Grum
  1609 | D        | Noticed a deep elf mage
  1618 | D        | Killed a deep elf mage
  1618 | D        | Reached skill level 15 in Fighting
  1618 | D        | Reached skill level 15 in Armour
  1630 | D        | Reached skill level 15 in Long Blades
  1641 | D        | Killed a deep elf mage
  1641 | D        | Reached skill level 5 in Shields
  1668 | D        | Killed Grum
  1805 | D        | Killed a deep elf demonologist
  1839 | D        | Killed a necromancer
  2033 | D        | Noticed an orc sorcerer
  2034 | D        | Paralysed by an orc sorcerer for 2 turns
  2045 | D        | Killed an orc sorcerer
  2045 | D        | Received a gift from Okawaru
  2316 | D        | Noticed a necromancer
  2318 | D        | Noticed a sea snake
  2327 | D        | Killed a necromancer
  2327 | D        | Reached ****** piety under Okawaru
  2332 | D        | Killed a sea snake
  2332 | D        | Reached XP level 12. HP: 122/122 MP: 19/21
  2345 | D        | Noticed a catoblepas
  2350 | D        | Received a gift from Okawaru
  2381 | D        | Killed a catoblepas
  2619 | D        | Noticed a daeva
  2619 | D        | Noticed Dissolution
  2631 | D        | Killed Dissolution
  2631 | D        | Received a gift from Okawaru
  2634 | D        | Reached skill level 15 in Invocations
  2634 | D        | Reached XP level 13. HP: 64/134 MP: 15/23
  2639 | D        | HP: 2/134 [daeva/scimitar of holy wrath (19)]
  2642 | D        | Slain by a cherub

Vault maps used:
D:        pitsprint

Skill      XL: |  1  2  3  4  5  6  7  8  9 10 11 12 |
---------------+-------------------------------------+-----
Fighting       | 4 6 7 8 10 11 12 14 16 17 | 17.7
Long Blades    | 3 4 5 7 8 9 11 12 14 15 17 | 17.7
Armour         | 4 6 7 8 10 11 12 14 15 17 | 17.6
Dodging        | 2 4 5 6 7 8 10 11 12 14 16 | 16.1
Invocations    | 1 2 3 5 6 7 9 10 12 13 15 | 15.0
Shields        | 7 8 |  8.1

Action                   |  1- 3 |  4- 6 |  7- 9 | 10-12 | 13-15 || total
-------------------------+-------+-------+-------+-------+-------++-------
Melee: Long sword        |    26 |    13 |    23 |       |       ||    62
       Headbutt          |     1 |     3 |    23 |    59 |     2 ||    88
       Scimitar          |       |       |    43 |   181 |       ||   224
       Punch             |       |       |     1 |     2 |       ||     3
       Great sword       |       |       |       |    12 |     7 ||    19
Invok: Heroism           |       |       |     2 |     4 |       ||     6
       Finesse           |       |       |       |     4 |       ||     4
  Use: Potion            |     3 |     3 |    10 |    11 |       ||    27
       Scroll            |       |       |       |    10 |       ||    10
 Stab: Invisible         |       |     2 |     1 |       |       ||     3
       Confused          |       |       |       |     3 |       ||     3
  Eat: Meat ration       |       |       |       |     3 |       ||     3
Armor: Scale mail        |    10 |       |       |       |       ||    10
       Chain mail        |    16 |    17 |     3 |       |       ||    36
       Plate armour      |       |       |    43 |   135 |       ||   178
Dodge: Dodged            |    27 |    14 |    70 |   218 |     4 ||   333
Block: Buckler           |       |       |       |    69 |       ||    69
       Reflection        |       |       |       |     3 |       ||     3
       Rpst.: Long sword |     7 |     4 |     4 |       |       ||    15
       Scimitar          |       |       |    17 |    33 |       ||    50
       Great sword       |       |       |       |     1 |       ||     1

Table legend:
 A = Spawn XP
 B = Non-spawn XP
 C = Spawn XP percentage of total XP
 D = Spawn monster count
 E = Non-spawn monster count
 F = Spawn count percentage of total count
 G = Total turns spent on level
                    A         B        C        D         E        F      G
               +---------+---------+-------+---------+---------+-------+---------
         Total |       0 |   38476 |   0.0 |       0 |     111 |   0.0 |  2642
               +---------+---------+-------+---------+---------+-------+---------
             D |       0 |   38476 |   0.0 |       0 |     111 |   0.0 |  2642
               +---------+---------+-------+---------+---------+-------+---------
